 Dungeon Crawl Stone Soup version 0.19-a0-1317-ge66d2b0 (webtiles) character file.

10810 AlphabetPasta the Ogre Mage (level 11, -1/113 HPs)
             Began as an Ogre Arcane Marksman on Aug 30, 2016.
             Was a Priest of Okawaru.
             Slain by a blink frog (13 damage)
             ... on level 2 of the Lair of Beasts on Aug 31, 2016.
             The game lasted 01:04:31 (14506 turns).

AlphabetPasta the Ogre Mage (Ogre Arcane Marksman) Turns: 14506, Time: 01:04:31

Health: -1/113     AC:  6    Str: 18    XL:     11   Next: 67%
Magic:  25/25      EV: 12    Int: 13    God:    Okawaru [***...]
Gold:   503        SH:  0    Dex: 11    Spells: 2 memorised, 27 levels left

rFire  . . .     SeeInvis .     h - +1 giant club
rCold  . . .     Gourm    .     a - +0 robe
rNeg   . . .     Faith    .     (shield currently unavailable)
rPois  .         Spirit   .     E - +1 hat {MR+}
rElec  .         Dismiss  .     q - +1 cloak
rCorr  +         Reflect  .     (gloves unavailable)
MR     ++...     Harm     .     (boots unavailable)
Stlth  +.........               (no amulet)
                                (no ring)
                                j - ring of resist corrosion

@: no status effects
A: unfitting armour, tough skin 1
a: Heroism, Renounce Religion


You were on level 2 of the Lair of Beasts.
You worshipped Okawaru.
Okawaru was most pleased with you.
You were not hungry.

You visited 3 branches of the dungeon, and saw 13 of its levels.

You collected 683 gold pieces.
You spent 180 gold pieces at shops.

Inventory:

Hand Weapons
 g - a +2 whip of freezing
 h - a +1 giant club (weapon)
 u - a +2 flail of protection
Missiles
 s - 9 poisoned needles
 x - 6 tomahawks (quivered)
Armour
 a - a +0 robe (worn)
 q - a +1 cloak (worn)
 E - a +1 hat of magic resistance (worn)
Jewellery
 j - a ring of resist corrosion (left hand)
Wands
 k - a wand of flame (20/48)
 z - a wand of polymorph (16/24)
 C - a wand of disintegration (6/24)
 G - a wand of confusion (20/48)
Scrolls
 d - 4 scrolls of identify
 l - 4 scrolls of enchant weapon
 o - a scroll of teleportation
 p - 2 scrolls of magic mapping
 t - 4 scrolls of remove curse
 y - a scroll of enchant armour
Potions
 e - 2 potions of brilliance
 n - 3 potions of magic
 v - 5 potions of flight
 w - 2 potions of resistance
Books
 b - a book of Debilitation

   Spells                             Type                      Level
   a - Corona                         Hexes                        1
   b - Slow                           Hexes                        2
   c - Gell's Gravitas                Hexes/Translocation          3
   d - Inner Flame                    Hexes/Fire                   3
   e - Cause Fear                     Hexes                        4
   f - Leda's Liquefaction            Hexes/Earth                  4
Comestibles
 f - 11 bread rations
 i - 3 beef jerkies
 m - 4 meat rations
 B - 8 slices of pizza


   Skills:
 + Level 8.7 Fighting
 + Level 9.8 Maces & Flails
 * Level 9.6 Throwing
 + Level 6.5 Dodging
 * Level 10.0 Spellcasting
 - Level 2.1 Hexes
 + Level 3.6 Invocations


You had 27 spell levels left.
You knew the following spells:

 Your Spells              Type           Power        Failure   Level  Hunger
a - Corona                Hex            ##.....      6%          1    None
b - Slow                  Hex            ##......     10%         2    None


Dungeon Overview and Level Annotations

Branches:
Dungeon (10/15)            Temple (1/1) D:6            Lair (2/6) D:9
  Swamp: Lair:2-4    Shoals: Lair:2-4     Snake: Lair:2-4    Spider: Lair:2-4
    Orc: D:9-12

Altars:
Ashenzari
Cheibriados
Dithmenos
Elyvilon
Fedhas
Gozag
Hepliaklqana
Kikubaaqudgha
Makhleb
Nemelex Xobeh
Okawaru
Qazlal
Ru
Sif Muna
Trog
Uskayaw
Vehumet
Xom
Yredelemnul
Zin
The Shining One

Shops:
D:7 *

Annotations:
D:10 exclusion: orange crystal statue
Lair:2 Urug


Innate Abilities, Weirdness & Mutations

You are too large for most types of armour.
You have tough skin. (AC +1)


Message History

The blink frog is lightly wounded.
The blink frog hits you!
The blink frog blinks!
The blink frog barely misses you.
You thump the blink frog!
The blink frog is heavily wounded.
The blink frog hits you!
* * * LOW HITPOINT WARNING * * *
The blink frog blinks!
The blink frog misses you.
The blink frog blinks!
You barely miss the blink frog.
The blink frog is heavily wounded.
You feel like a meek peon again. The blink frog closely misses you.
The blink frog blinks! x2
The blink frog hits you.
* * * LOW HITPOINT WARNING * * *
You miss the blink frog.
The blink frog is heavily wounded.
The blink frog blinks!
The blink frog hits you!
* * * LOW HITPOINT WARNING * * *
The blink frog blinks!
The blink frog hits you!
You die...

**.,,,,,,,*#........,*,,
***###.##,,,**#.......,,,,,
*,.#...#F**####...P...,,,,,
**,...F§..###..[......,,,***
**,,.##.....#..........,,####
***,,,......§..§F.F..##.#,##P#P
**,*,,,........###....##.###..#.
**,,,,,,.#.##.§FF##§...##........
*,,,,,,,****####@#.F.......P.....
**,,,*,** *###...#......###..
*,***,* #......##....###... ***
*** *#.......#....# ####
*#.[##.#.P.....# *P.#*#.......###
*..*,..##P#### *,,,..,*##*
*,,,,***


You could see 4 blink frogs.

Vanquished Creatures
  Gastronok (D:9)
  A hydra (Lair:1)
  A black mamba (Lair:1)
  Joseph (Lair:1)
  2 spiny frogs (Lair:1)
  The ghost of Ellandar the Slasher, a novice MiFi of Hepliaklqana (D:4)
  A troll (D:9)
  Prince Ribbit (D:8)
  A wyvern (D:8)
  Sigmund (D:3)
  A human (D:7)
  4 hogs (D:7)
  A hippogriff (D:9)
  Menkaure (D:5)
  Edmund (D:3)
  6 water moccasins
  2 porcupines (Lair:1)
  Purgy (D:4)
  3 ice beasts
  A black bear (D:9)
  3 orc warriors
  2 sky beasts
  5 wolves (Lair:1)
  3 ogres
  A centaur (D:8)
  A big kobold (D:9)
  Blork the orc (D:6)
  8 giant frogs
  3 wights (D:9)
  3 killer bees
  3 howler monkeys (D:7)
  3 crimson imps
  A lava snake (D:8)
  Crazy Yiuf (D:2)
  3 jellies
  A quasit (D:9)
  5 orc priests
  4 hounds
  4 giant frog skeletons
  2 centaur skeletons
  4 iguanas
  8 orc wizards
  4 worker ants
  Terence (D:2)
  A hound zombie (D:7)
  2 hound skeletons
  A howler monkey skeleton (D:5)
  16 adders
  7 gnolls
  16 river rats (Lair:1)
  2 shadow imps
  2 oozes
  2 adder zombies
  5 worms
  7 giant geckos
  24 orcs
  2 ball pythons
  5 giant cockroaches
  5 goblins
  4 hobgoblins
  14 jackals
  12 kobolds
  2 quokkas
  3 bats
  A giant gecko skeleton (D:5)
  8 giant newts
  2 jackal zombies (D:5)
  2 quokka zombies
  9 rats
  A fungus (D:2)
261 creatures vanquished.

Vanquished Creatures (others)
  A fungus (Lair:1)
  A plant (Lair:1)
2 creatures vanquished.

Grand Total: 263 creatures vanquished

Notes
Turn   | Place    | Note
-------+----------+-------------------------------------------
     0 | D:1      | AlphabetPasta the Ogre Arcane Marksman began the quest for the Orb.
     0 | D:1      | Reached XP level 1. HP: 19/19 MP: 2/2
   394 | D:1      | Reached XP level 2. HP: 10/28 MP: 4/4
   628 | D:1      | Reached skill level 1 in Maces & Flails
   926 | D:2      | Reached XP level 3. HP: 31/35 MP: 5/5
  1387 | D:2      | Noticed Terence
  1390 | D:2      | Killed Terence
  1390 | D:2      | Reached skill level 2 in Spellcasting
  1390 | D:2      | Reached XP level 4. HP: 42/42 MP: 5/7
  1677 | D:2      | Found a runed door.
  1681 | D:2      | Noticed Crazy Yiuf
  1690 | D:2      | Killed Crazy Yiuf
  1690 | D:2      | Reached XP level 5. HP: 28/50 MP: 4/8
  2244 | D:3      | Noticed Sigmund
  2245 | D:3      | Upgraded the game from 0.19-a0-1286-g42bdecd to 0.19-a0-1295-g430f768
  2324 | D:3      | Killed Sigmund
  2324 | D:3      | Reached XP level 6. HP: 24/61 MP: 8/10
  2340 | D:3      | Learned a level 2 spell: Slow
  2567 | D:3      | Found a sacrificial altar of Ru.
  2813 | D:4      | Noticed Ellandar's ghost (novice MiFi)
  3050 | D:4      | Noticed Edmund
  3100 | D:3      | Killed Edmund
  3100 | D:3      | Reached skill level 3 in Spellcasting
  3100 | D:3      | Reached XP level 7. HP: 34/68 MP: 11/11
  3586 | D:4      | Noticed Purgy
  3609 | D:4      | Killed Purgy
  3609 | D:4      | Reached skill level 5 in Throwing
  4393 | D:4      | Killed Ellandar's ghost
  4393 | D:4      | Reached skill level 4 in Spellcasting
  4393 | D:4      | Reached XP level 8. HP: 79/79 MP: 12/14
  4585 | D:5      | Entered Level 5 of the Dungeon
  4610 | D:5      | Noticed Menkaure
  4616 | D:5      | Killed Menkaure
  4616 | D:5      | Reached skill level 5 in Maces & Flails
  4710 | D:5      | Reached skill level 5 in Fighting
  4920 | D:5      | Reached skill level 5 in Spellcasting
  5522 | D:6      | Reached XP level 9. HP: 38/88 MP: 17/17
  5665 | D:6      | Noticed Blork the orc
  5740 | D:6      | Killed Blork the orc
  5778 | D:6      | Found a staircase to the Ecumenical Temple.
  5793 | Temple   | Entered the Ecumenical Temple
  6064 | D:6      | Found a shadowy altar of Dithmenos.
  6547 | D:6      | Reached skill level 6 in Spellcasting
  7236 | D:7      | Found a glowing golden altar of the Shining One.
  7528 | D:7      | Found Pioc's Assorted Antiques.
  8049 | D:7      | Bought a scroll of blinking for 180 gold pieces
  8085 | D:7      | Reached skill level 7 in Spellcasting
  8089 | D:7      | Reached skill level 5 in Dodging
  8096 | D:7      | Reached XP level 10. HP: 14/100 MP: 20/20
  8792 | D:7      | Found a shadowy altar of Dithmenos.
  8805 | D:7      | Upgraded the game from 0.19-a0-1295-g430f768 to 0.19-a0-1311-gdcfd90a
  9010 | D:8      | Found a sacrificial altar of Ru.
  9014 | D:8      | Noticed Prince Ribbit
  9019 | D:8      | Found an iron altar of Okawaru.
  9019 | D:8      | Found a basalt altar of Yredelemnul.
  9028 | D:8      | Killed Prince Ribbit
  9855 | D:8      | Became a worshipper of Warmaster Okawaru
  9886 | D:9      | Reached skill level 8 in Spellcasting
  9940 | D:9      | Noticed Gastronok
  9954 | D:9      | Killed Gastronok
  9954 | D:9      | Reached * piety under Okawaru
 10329 | D:9      | Reached XP level 11. HP: 99/110 MP: 23/23
 10365 | D:9      | Reached skill level 9 in Spellcasting
 11185 | D:9      | Found a staircase to the Lair.
 11493 | D:10     | Entered Level 10 of the Dungeon
 11598 | D:10     | Noticed an orange crystal statue
 11623 | D:10     | HP: 5/111 [something (12)]
 12003 | Lair:1   | Entered Level 1 of the Lair of Beasts
 12040 | Lair:1   | Reached ** piety under Okawaru
 12042 | Lair:1   | Noticed Joseph
 12056 | Lair:1   | Killed Joseph
 13671 | Lair:1   | Noticed a five-headed hydra
 13677 | Lair:1   | Killed a five-headed hydra
 13677 | Lair:1   | Reached *** piety under Okawaru
 14030 | Lair:1   | Upgraded the game from 0.19-a0-1311-gdcfd90a to 0.19-a0-1317-ge66d2b0
 14034 | Lair:2   | Noticed Urug
 14051 | Lair:2   | HP: 4/113 [Urug/enchanted eveningstar (47)]
 14096 | Lair:1   | HP: 4/113 [porcupine (10)]
 14118 | Lair:1   | HP: 2/113 [porcupine (7)]
 14399 | Lair:1   | Reached skill level 10 in Spellcasting
 14506 | Lair:2   | Slain by a blink frog

Vault maps used:
D:1:      dpeg_arrival_castle, minmay_tetromino_l2
D:2:      first_bread, uniq_crazy_yiuf_cottage, uniq_terence
D:3:      nicolae_ru_the_path_less_chosen, uniq_sigmund
D:4:      uniq_edmund, uniq_purgy
D:5:      uniq_menkaure
D:6:      nicolae_dithmenos_the_darkroom, uniq_blork_the_orc
D:7:      basic_altar, serial_shops, shop, grunt_livestock, tso_metal_star
D:8:      gammafunk_temple_overflow_forgotten, kennysheep_potato,
          uniq_prince_ribbit1
D:9:      lair_0_dummy, uniq_gastronok
D:10:     grunt_decor_fettered, minmay_protected_statue
Temple:   dpeg_five_rooms_temple
Lair:1:   st_stairs_13, minivault_19, grunt_megastairs_2, uniq_joseph
Lair:2:   nicolae_volcano_entry_s_turn, nicolae_lair_grove_arrangements,
          lemuel_old_faithful, uniq_urug

Skill      XL: |  1  2  3  4  5  6  7  8  9 10 11 |
---------------+----------------------------------+-----
Maces & Flails | 1 2 3 4 6 8 9 |  9.8
Dodging        | 2 3 4 5 6 |  6.5
Throwing       | 3 4 5 6 7 8 9 |  9.6
Fighting       | 2 3 4 5 6 7 8 |  8.7
Spellcasting   | 2 3 4 5 7 8 10 | 10.0
Invocations    | 2 3 |  3.6
Hexes          | |  2.1

Action                   |  1- 3 |  4- 6 |  7- 9 | 10-12 || total
-------------------------+-------+-------+-------+-------++-------
Melee: Whip              |    56 |   154 |       |       ||   210
       Flail             |       |       |    80 |       ||    80
       Giant club        |       |       |   270 |   408 ||   678
Throw: Large rock        |    14 |    13 |    14 |    11 ||    52
       Throwing net      |     1 |       |     5 |       ||     6
       Tomahawk          |       |       |   115 |    77 ||   192
 Cast: Corona            |       |     2 |       |       ||     2
       Slow              |       |     1 |     4 |       ||     5
Invok: Heroism           |       |       |       |     6 ||     6
Evoke: Wand              |       |       |     6 |     4 ||    10
  Use: Scroll            |     3 |     5 |    10 |     8 ||    26
       Potion            |       |     1 |     6 |     7 ||    14
 Stab: Sleeping          |       |     1 |     1 |       ||     2
       Held in net/web   |       |       |     2 |       ||     2
  Eat: Chunk             |     1 |     6 |    15 |    10 ||    32
       Fruit             |       |       |     2 |     9 ||    11
       Royal jelly       |       |       |     1 |       ||     1
       Meat ration       |       |       |       |     1 ||     1
Armor: Robe              |    19 |    38 |   134 |   138 ||   329
Dodge: Dodged            |    26 |    47 |   206 |   333 ||   612
